Map: Galactic Process LE

Players

MarineLorD - Winner!

  • Race: Terran Terran
  • League: Master

PtitDrogo

  • Race: Protoss Protoss
  • League: Master

VOD

Have the link to the VOD?

Description

Time

  • Played on: Nov. 23, 2016, 4:06 p.m.
  • Length: 13:11
Show
View Real Time Build Order
Export as new Build Order

MarineLorD Terran - Winner!

Build Orders: Reaper Expand, Mech 

Get SALT Encoding   

  12  0:00  SCV  
  13  0:12  SCV  
  14  0:17  Supply Depot  
  14  0:24  SCV  
  15  0:29  Refinery  
  15  0:38  SCV  
  16  0:44  Barracks  
  16  0:50  SCV  
  17  1:02  SCV  
  18  1:14  SCV  
  19  1:30  Orbital Command  
  19  1:31  Reaper  
  20  1:42  Command Center  
  20  1:54  Factory  
  20  1:59  SCV  
  21  2:08  Barracks Reactor  
  21  2:11  SCV  
  21  2:12  Supply Depot  
  22  2:22  Refinery  
  22  2:23  SCV  
  23  2:35  SCV  
  24  2:43  Widow Mine  
  26  2:44  Marine x2  
  26  2:47  SCV  
  26  2:50  Starport  
  29  2:55  Orbital Command  
  29  3:00  SCV  
  29  3:02  Marine  
  29  3:03  Marine  
  32  3:12  Factory Tech Lab, SCV  
  33  3:20  Marine  
  33  3:21  Marine  
  33  3:23  SCV  
  33  3:24  SCV  
  37  3:27  Medivac  
  39  3:34  Supply Depot  
  39  3:36  Siege Tank  
  39  3:38  SCV  
  39  3:39  SCV  
  44  3:43  Marine x2  
  46  3:53  Supply Depot  
  46  3:56  SCV x2  
  46  3:57  Engineering Bay  
  48  4:04  Marine  
  48  4:05  Marine  
  48  4:08  Siege Tank  
  48  4:09  Liberator  
  53  4:13  SCV  
  51  4:19  SCV  
  49  4:26  SCV  
  51  4:31  SCV  
  51  4:35  Missile Turret  
  51  4:38  SCV  
  52  4:40  Marine x2  
  53  4:50  Missile Turret, SCV  
  55  4:52  SCV  
  55  4:53  Missile Turret  
  55  4:59  Marine x2  
  56  5:05  SCV  
  56  5:06  Missile Turret  
  57  5:07  SCV  
  53  5:17  Marine x2, SCV  
  53  5:19  SCV  
  50  5:27  Viking  
  52  5:29  SCV  
  52  5:35  Missile Turret, Marine x2  
  55  5:39  Bunker, SCV  
  55  5:41  SCV  
  60  5:42  Siege Tank  
  60  5:52  Marine, SCV  
  62  5:58  Supply Depot  
  62  6:00  Supply Depot  
  62  6:08  Supply Depot  
  62  6:09  Supply Depot  
  62  6:20  Siege Tank, SCV, Viking, Marine  
  62  6:21  SCV  
  70  6:28  Marine  
  70  6:30  Command Center  
  70  6:32  SCV  
  72  6:34  SCV  
  72  6:44  SCV  
  72  6:46  SCV  
  61  6:54  Siege Tank  
  61  6:58  SCV  
  61  7:00  Viking  
  65  7:01  Marine  
  65  7:03  Marine  
  65  7:05  SCV  
  68  7:10  Missile Turret  
  69  7:15  SCV  
  69  7:18  Refinery, SCV  
  69  7:20  Marine  
  69  7:21  Refinery, Marine  
  72  7:26  Siege Tank  
  72  7:28  SCV  
  74  7:40  Factory, SCV  
  74  7:42  Factory  
  74  7:43  SCV  
  76  7:53  SCV  
  76  7:54  Orbital Command  
  76  7:55  SCV  
  76  7:56  Viking  
  80  8:01  Viking  
  80  8:05  SCV  
  82  8:07  SCV  
  81  8:15  Siege Tank  
  81  8:17  SCV  
  81  8:19  SCV  
  86  8:21  Liberator x2  
  86  8:29  Orbital Command, SCV  
  86  8:31  SCV  
  88  8:36  Factory Reactor, Factory Tech Lab  
  88  8:37  Missile Turret  
  88  8:41  SCV  
  95  8:43  SCV  
  96  8:53  SCV  
  96  8:54  SCV  
  98  8:55  Refinery  
  98  8:58  Refinery  
  98  9:05  SCV  
  98  9:08  Widow Mine x2  
  88  9:13  SCV  
  78  9:17  SCV  
  78  9:21  SCV  
  80  9:27  Armory  
  80  9:29  Armory, Factory  
  80  9:30  Hellion x2  
  80  9:31  Factory  
  80  9:35  SCV x3  
  83  9:39  Liberator  
  83  9:41  Liberator  
  83  9:42  Supply Depot, Missile Turret  
  83  9:47  SCV x3  
  83  9:49  Siege Tank x2  
  98  10:05  SCV x3  
  101  10:12  Hellion x2  
  101  10:13  Factory Tech Lab  
  105  10:14  Factory Reactor  
  105  10:16  Terran Vehicle Weapons Level 1  
  105  10:17  SCV x2  
  105  10:18  Terran Vehicle And Ship Armor Level 1  
  104  10:26  Liberator x2, Hellbat x2  
  105  10:32  Supply Depot  
  105  10:33  Command Center  
  105  10:36  Siege Tank, Supply Depot  
  108  10:48  Hellbat x2  
  118  10:53  Supply Depot  
  118  10:54  Supply Depot  
  118  10:55  Supply Depot  
  118  10:59  Infernal Pre-Igniter, Supply Depot  
  118  11:00  Supply Depot  
  118  11:02  Supply Depot  
  121  11:05  Thor  
  124  11:14  Siege Tank  
  124  11:17  Hellbat x3  
  133  11:19  Hellbat  
  139  11:34  Viking x2  
  139  11:37  Siege Tank  
  139  11:38  Hellbat x2  
  144  11:46  Siege Tank  
  144  11:56  Siege Tank, Hellbat x2  
  140  12:11  SCV x2  
  140  12:17  Siege Tank, Hellbat  
  140  12:18  Hellbat  
  147  12:30  Siege Tank, Hellbat x2  
  147  12:31  Command Center  
  147  12:35  Hellbat  
  156  12:40  Hellbat  
  133  12:48  Hellbat  
Show
View Real Time Build Order
Export as new Build Order

PtitDrogo Protoss 

Build Orders: 1 Gate Expand, Oracle Opening 

Get SALT Encoding   

  12  0:01  Probe (Chrono Boost)  
  13  0:11  Probe (Chrono Boost)  
  14  0:18  Pylon  
  14  0:22  Probe (Chrono Boost)  
  15  0:36  Probe (Chrono Boost), Gateway  
  15  0:41  Assimilator  
  16  0:46  Probe (Chrono Boost)  
  17  0:57  Probe (Chrono Boost)  
  18  1:08  Probe (Chrono Boost)  
  19  1:19  Nexus  
  20  1:25  Probe (Chrono Boost)  
  20  1:33  Cybernetics Core  
  20  1:36  Probe (Chrono Boost)  
  21  1:40  Assimilator  
  21  1:46  Probe (Chrono Boost)  
  22  1:51  Pylon  
  22  1:57  Probe (Chrono Boost)  
  23  2:10  Mothership Core (Chrono Boost), Adept  
  27  2:16  Pylon  
  27  2:21  Warp Gate  
  27  2:28  Probe (Chrono Boost)  
  28  2:32  Probe (Chrono Boost)  
  29  2:39  Probe (Chrono Boost)  
  29  2:43  Probe (Chrono Boost)  
  31  2:49  Probe (Chrono Boost), Stargate  
  32  2:53  Probe (Chrono Boost)  
  32  2:58  Adept  
  35  3:00  Probe (Chrono Boost)  
  35  3:04  Probe (Chrono Boost)  
  37  3:08  Pylon  
  37  3:10  Probe (Chrono Boost)  
  38  3:15  Probe (Chrono Boost)  
  39  3:25  Probe (Chrono Boost)  
  39  3:26  Pylon  
  40  3:28  Oracle  
  40  3:31  Probe (Chrono Boost)  
  40  3:33  Adept  
  46  3:37  Probe (Chrono Boost)  
  47  3:42  Probe (Chrono Boost)  
  49  3:49  Gateway  
  49  3:53  Gateway x2  
  50  3:58  Void Ray  
  49  4:03  Probe x2 (Chrono Boost)  
  55  4:32  Probe (Chrono Boost)  
  55  4:33  Pylon  
  55  4:35  Void Ray  
  55  4:39  Stalker  
  55  4:45  Probe (Chrono Boost)  
  63  4:46  Probe (Chrono Boost), Assimilator  
  63  4:47  Pylon, Assimilator  
  63  4:53  Adept x3  
  69  5:02  Adept  
  63  5:19  Probe (Chrono Boost)  
  63  5:21  Probe (Chrono Boost)  
  65  5:27  Adept x2  
  65  5:28  Adept x2  
  73  5:30  Probe (Chrono Boost)  
  73  5:32  Pylon  
  73  5:33  Probe (Chrono Boost), Pylon  
  75  5:40  Probe (Chrono Boost)  
  75  5:41  Gateway x2  
  76  5:45  Probe (Chrono Boost)  
  77  5:51  Probe (Chrono Boost)  
  77  5:52  Adept x2, Sentry x2  
  83  5:59  Probe (Chrono Boost)  
  83  6:02  Oracle  
  85  6:04  Probe (Chrono Boost)  
  89  6:11  Probe (Chrono Boost)  
  89  6:16  Stalker x2  
  93  6:22  Pylon x2  
  89  6:30  Probe (Chrono Boost)  
  56  6:57  Probe (Chrono Boost)  
  56  6:58  Probe (Chrono Boost)  
  56  6:59  Twilight Council  
  56  7:00  Forge  
  58  7:01  Sentry x2  
  58  7:02  Adept x2  
  58  7:07  Probe (Chrono Boost)  
  67  7:10  Probe (Chrono Boost)  
  68  7:18  Probe (Chrono Boost)  
  68  7:22  Probe (Chrono Boost), Protoss Ground Weapons Level 1  
  70  7:23  Charge  
  70  7:26  Nexus  
  70  7:28  Probe (Chrono Boost)  
  71  7:34  Probe (Chrono Boost)  
  72  7:40  Templar Archives  
  73  7:44  Probe (Chrono Boost)  
  73  7:46  Probe (Chrono Boost)  
  74  7:53  Pylon  
  74  7:56  Probe (Chrono Boost)  
  72  8:15  Probe x2 (Chrono Boost)  
  74  8:21  Robotics Facility  
  74  8:25  High Templar x2  
  74  8:26  Zealot  
  74  8:27  Zealot, Probe (Chrono Boost)  
  83  8:30  Gateway x2, Archon  
  83  8:33  Probe (Chrono Boost)  
  84  8:38  Probe (Chrono Boost)  
  84  8:39  Probe (Chrono Boost)  
  86  8:42  Pylon  
  86  8:47  Pylon, Zealot x2  
  90  8:53  Probe (Chrono Boost)  
  91  8:58  Zealot x2  
  92  9:04  Immortal  
  76  9:19  Stalker x4  
  77  9:24  Protoss Ground Armor Level 1  
  77  9:27  Probe (Chrono Boost)  
  77  9:28  Probe (Chrono Boost), Oracle  
  77  9:29  Probe (Chrono Boost)  
  83  9:39  Probe (Chrono Boost)  
  83  9:40  Probe (Chrono Boost)  
  83  9:41  Probe (Chrono Boost)  
  83  9:42  Observer, Assimilator, Sentry  
  83  9:43  Assimilator  
  87  9:51  Probe (Chrono Boost)  
  87  9:52  Probe (Chrono Boost)  
  90  9:53  Probe (Chrono Boost)  
  90  9:59  Pylon  
  90  10:03  Pylon, Probe (Chrono Boost)  
  90  10:04  Probe (Chrono Boost)  
  92  10:08  Nexus  
  92  10:09  Stalker x4  
  97  10:28  Immortal  
  97  10:29  Probe x2 (Chrono Boost)  
  97  10:35  High Templar x4  
  109  10:46  Pylon, Blink  
  109  10:47  Probe (Chrono Boost)  
  109  10:48  Archon x2, Photon Cannon  
  110  10:51  Pylon  
  110  11:00  Photon Cannon  
  112  11:11  Gateway  
  112  11:12  Gateway  
  112  11:15  Immortal  
  116  11:26  Probe (Chrono Boost)  
  116  11:27  Probe (Chrono Boost)  
  116  11:30  Probe (Chrono Boost)  
  116  11:31  Probe (Chrono Boost)  
  116  11:32  Zealot x6  
  130  11:49  Immortal  
  128  11:56  High Templar x4  
  128  11:57  Zealot x2  
  128  12:00  Archon x2  
  134  12:10  Stalker x2  
  132  12:19  High Templar  
  132  12:20  High Templar  
  136  12:23  Immortal  
  136  12:24  Archon  
  136  12:28  Zealot x4  
  108  12:49  Stalker x5  
  108  12:50  Stalker  
  99  13:03  Stalker x2  
Tags
 
Add a new tag
Caveats
  • Supply blocks, unpowered buildings, or Contaminate may cause inaccurate times.
  • Supply counts are checked every 10 seconds.